 Dungeon Crawl Stone Soup version 0.31-a0-965-g8a8ce12e04 (webtiles) character file.

Game seed: 9848217024048058664

30095 olmar the Basher (level 13, -4/102 HPs)
             Began as a Gnoll Reaver on Oct 24, 2023.
             Was the Champion of Cheibriados.
             Slain by a +5 hand axe of electrocution (14 damage)
             ... on level 1 of the Elven Halls on Oct 26, 2023.
             The game lasted 00:50:32 (25886 turns).

olmar the Basher (Gnoll Reaver)                    Turns: 25886, Time: 00:50:33

Health: -4/102     AC:  8    Str: 33    XL:     13   Next: 49%
Magic:  26/26      EV: 20    Int: 31    God:    Cheibriados [******]
Gold:   1010       SH:  0    Dex: 23    Spells: 23/31 levels left

rFire   + . .        N - +4 trident (drain)
rCold   + + .        (no shield)
rNeg    . . .        r - +2 robe of Immorality {+Blink Str+6 Dex-4 Archmagi}
rPois   .            (no helmet)
rElec   .            (no cloak)
rCorr   +            Y - +2 pair of gloves
SInv    .            (no boots)
Will    +....        H - amulet of the acrobat
Stlth   ++++         t - ring of Fragile Peace {rC++ Will+ rCorr}
HPRegen 0.37/turn    p - ring of protection from fire
MPRegen 0.20/turn

%: acrobat, archmagi
@: very slow
A: fangs 1, strong nose, distributed training
a: Renounce Religion, Evoke Blink, Bend Time, Temporal Distortion, Slouch, Step
From Time


You were on level 1 of the Elven Halls.
You worshipped Cheibriados.
Cheibriados was exalted by your worship.
You visited 4 branches of the dungeon, and saw 17 of its levels.
You also visited: Bailey.

You collected 2322 gold pieces.
You spent 1312 gold pieces at shops.

Inventory:

Hand Weapons
 M - the +4 glaive "Asiagum" {flame, rC- rN++ rCorr Int+3 SInv}
   (You took it off a gnoll sergeant in a bailey)

   Int+3:     It affects your intelligence (+3).
   rC-:       It makes you vulnerable to cold.
   rN++:      It greatly protects you from negative energy.
   SInv:      It lets you see invisible.
   rCorr:     It protects you from acid and corrosion.
 N - a +4 trident of draining (weapon)
 S - a +3 sling of freezing
Missiles
 d - 7 throwing nets
 u - 6 atropa-tipped darts
 w - 48 poisoned darts
 y - 13 boomerangs (quivered)
 L - 3 curare-tipped darts
Armour
 b - a +0 leather armour
 e - a +0 troll leather armour
 r - the +2 robe of Immorality (worn) {+Blink Str+6 Dex-4 Archmagi}
   (You found it on level 3 of the Dungeon)

   Str+6:     It affects your strength (+6).
   Dex-4:     It affects your dexterity (-4).
   +Blink:    It lets you blink.
   Archmagi:  It increases the power of your magical spells.
 v - an orb of light
 x - the +1 helmet of Oblivion {*Slow rF- MP+9 Slay+5}
   (You bought it in a shop on level 2 of the Orcish Mines)

   Slay+5:    It affects your accuracy & damage with ranged weapons and melee
   (+5).
   rF-:       It makes you vulnerable to fire.
   MP+9:      It affects your magic capacity (+9).
   *Slow:     It may slow you when you take damage.
 O - an orb of energy
 R - a +3 plate armour of willpower
 X - +0 acid dragon scales
 Y - a +2 pair of gloves (worn)
Magical Staves
 c - a staff of conjuration
 A - a staff of death
Jewellery
 l - a ring of protection from fire
 p - a ring of protection from fire (right hand)
 t - the ring of Fragile Peace (left hand) {rC++ Will+ rCorr}
   (You bought it in a shop on level 2 of the Orcish Mines)

   [ring of willpower]

   rC++:      It greatly protects you from cold.
   Will+:     It increases your willpower.
   rCorr:     It protects you from acid and corrosion.
 H - an amulet of the acrobat (around neck)
Wands
 P - a wand of digging (5)
 T - a wand of polymorph (10)
 U - a wand of quicksilver (13)
 W - a wand of paralysis (8)
 Z - a wand of flame (21)
Scrolls
 a - a scroll of noise
 f - 4 scrolls of immolation
 g - a scroll of enchant armour
 h - 2 scrolls of poison
 k - 4 scrolls of brand weapon
 o - a scroll of silence
 s - 3 scrolls of torment
 B - a scroll of blinking
 C - 2 scrolls of teleportation
 E - a scroll of fear
 G - a scroll of revelation
 J - 3 scrolls of fog
 V - a scroll of amnesia
Potions
 i - 2 potions of enlightenment
 j - a potion of invisibility
 m - a potion of cancellation {unknown}
 n - 2 potions of mutation {unknown}
 q - 2 potions of berserk rage {unknown}
 z - a potion of attraction {unknown}
 D - a potion of lignification
 F - 2 potions of might
 I - 2 potions of curing
 K - a potion of resistance {unknown}
Miscellaneous
 Q - a condenser vane


   Skills:
 + Level 9.7 Fighting
 + Level 8.5 Short Blades
 + Level 8.5 Long Blades
 + Level 8.5 Axes
 + Level 10.7 Maces & Flails
 + Level 8.5 Polearms
 + Level 8.5 Staves
 + Level 8.5 Ranged Weapons
 + Level 8.5 Throwing
 + Level 8.5 Armour
 + Level 9.7 Dodging
 + Level 8.5 Stealth
 + Level 8.5 Shields
 + Level 8.5 Unarmed Combat
 + Level 9.9 Spellcasting
 + Level 9.0 Conjurations
 + Level 7.0 Hexes
 + Level 7.0 Summonings
 + Level 7.0 Necromancy
 + Level 7.0 Translocations
 + Level 7.0 Transmutations
 + Level 7.0 Fire Magic
 + Level 7.0 Ice Magic
 + Level 7.0 Air Magic
 + Level 7.0 Earth Magic
 + Level 7.0 Poison Magic
 + Level 9.3 Invocations
 + Level 8.5 Evocations
 + Level 7.7 Shapeshifting


You had 23 spell levels left.
You knew the following spells:

 Your Spells              Type           Power      Damage    Failure   Level
a - Kiss of Death         Conj/Necr      100%       2d13      1%          1
b - Momentum Strike       Conj/Tloc      100%       3d10      1%          2
c - Hailstorm             Conj/Ice       78%        3d16      1%          3
d - Ensorcelled Hibernat  Hex/Ice        100%       N/A       1%          2

Your spell library contained the following spells:

 Spells                   Type           Power      Damage    Failure   Level
 Shock                    Conj/Air       100%       1d9       1%          1
 Jinxbite                 Hex            100%       N/A       1%          2
 Swiftness                Air            73%        N/A       1%          3
 Airstrike                Air            36%        2d(6-22)  1%          4
 Anguish                  Hex/Necr       36%        N/A       1%          4


Dungeon Overview and Level Annotations

Branches:
Dungeon (13/15)            Temple (1/1) D:7            Lair (0/5) D:9
    Orc (2/2) D:12            Elf (1/3) Orc:2        Bailey (visited)
 Vaults: D:13-14

Altars:
Ashenzari
Cheibriados
Dithmenos
Elyvilon
Fedhas
Gozag
Hepliaklqana
Kikubaaqudgha
Makhleb
Nemelex Xobeh
Okawaru
Qazlal
Ru
Sif Muna
Trog
Uskayaw
Vehumet
Wu Jian
Xom
Yredelemnul
Zin
The Shining One

Shops:
D:3 (   Orc:1 (   Orc:2 =([?


Innate Abilities, Weirdness & Mutations

You have very sharp teeth.
Your uncanny sense of smell can sniff out nearby items.
Your experience applies equally to all skills.


Message History

You puncture the +5 hand axe of electrocution!
You bite the +5 hand axe of electrocution, but do no damage.
The +5 hand axe of electrocution is severely damaged.
The +5 hand axe of electrocution completely misses you.
Unknown command.
Unknown command.
You puncture the +5 hand axe of electrocution!
You bite the +5 hand axe of electrocution, but do no damage.
The +5 hand axe of electrocution is almost destroyed.
The +5 hand axe of electrocution hits you.
Unknown command.
You hit the +5 hand axe of electrocution.
Your bite misses the +5 hand axe of electrocution.
The +5 hand axe of electrocution is almost destroyed.
The +5 hand axe of electrocution hits you!
The +5 hand axe of electrocution closely misses you.
You barely miss the +5 hand axe of electrocution.
The +5 hand axe of electrocution is almost destroyed.
The +5 hand axe of electrocution hits you!
You are electrocuted!
* * * LOW HITPOINT WARNING * * *
Unknown command.
You miss the +5 hand axe of electrocution.
The +5 hand axe of electrocution is almost destroyed.
The +5 hand axe of electrocution hits you!
* * * LOW HITPOINT WARNING * * *
The +5 hand axe of electrocution misses you.
Unknown command.
You hit the +5 hand axe of electrocution but do no damage.
The +5 hand axe of electrocution is almost destroyed.
The +5 hand axe of electrocution hits you.
* * * LOW HITPOINT WARNING * * *
Unknown command.
Unknown command.
You closely miss the +5 hand axe of electrocution.
The +5 hand axe of electrocution is severely damaged.
The +5 hand axe of electrocution hits you.
* * * LOW HITPOINT WARNING * * *
You are electrocuted!
You die...

##.# ##...#
##..... #.)....
....... #......
#....(## #@##
##.######
##'#...## #
##>....#########
#.......'.....'.
+.......#######.
#.......# ##'
##.....## #..
+#...## #.#.


You could see a +5 hand axe of electrocution.

Vanquished Creatures
  Saint Roka (Orc:2)
  5 two-headed ogres
  2 boulder beetles (D:12)
  2 deep elf knights (Elf:1)
  3 orc knights (Orc:2)
  Pikel (D:8)
  2 deep elf pyromancers
  An ugly thing (D:12)
  A manticore (D:12)
  2 orc sorcerers (Orc:2)
  2 cyclopes
  Maurice (D:8)
  Joseph (D:7)
  Jeremiah (D:7)
  A kobold demonologist (D:11)
  7 trolls
  2 wraiths
  2 wyverns (D:9)
  A shadow (D:11)
  16 yaks
  13 vampire mosquitoes
  A steam dragon (D:5)
  A warg (Orc:1)
  Menkaure (D:7)
  2 acid dragons
  5 water moccasins
  32 orc warriors
  3 sky beasts
  An ice beast (D:7)
  2 centaurs
  4 wolves (Bailey)
  2 ogres
  A phantom (D:5)
  3 kobold brigands
  4 scorpions
  14 gnoll sergeants
  19 killer bees
  3 electric eels (D:10)
  2 howler monkeys
  A lava snake (D:10)
  6 hounds
  A jelly (D:5)
  9 gnoll boudas
  32 orc priests
  8 iguanas
  2 sleepcaps
  33 orc wizards
  40 gnolls
  9 adders
  2 white imps
  3 worms
  3 dart slugs
  92 orcs
  9 ball pythons
  6 bats
  9 endoplasms
  5 giant cockroaches
  11 goblins
  11 hobgoblins
  3 jackals (D:4)
  15 kobolds
  5 quokkas
  5 frilled lizards
  4 rats
491 creatures vanquished.

Notes
Turn   | Place    | Note
-------+----------+-------------------------------------------
     0 | D:1      | olmar the Gnoll Reaver began the quest for the Orb.
     0 | D:1      | Reached XP level 1. HP: 20/20 MP: 6/6
   254 | D:1      | Reached XP level 2. HP: 25/26 MP: 7/7
   509 | D:1      | Found a faded altar of an unknown god.
  1185 | D:2      | Reached skill level 5 in Spellcasting
  1185 | D:2      | Reached XP level 3. HP: 12/28 MP: 6/9
  1366 | D:2      | Reached skill level 1 in Invocations
  1584 | D:2      | Reached skill level 1 in Short Blades
  1584 | D:2      | Reached skill level 1 in Long Blades
  1584 | D:2      | Reached skill level 1 in Axes
  1584 | D:2      | Reached skill level 1 in Polearms
  1584 | D:2      | Reached skill level 1 in Staves
  1584 | D:2      | Reached skill level 1 in Ranged Weapons
  1584 | D:2      | Reached skill level 1 in Throwing
  1584 | D:2      | Reached skill level 1 in Armour
  1584 | D:2      | Reached skill level 1 in Stealth
  1584 | D:2      | Reached skill level 1 in Shields
  1584 | D:2      | Reached skill level 1 in Unarmed Combat
  1584 | D:2      | Reached skill level 1 in Evocations
  1738 | D:2      | Reached XP level 4. HP: 37/37 MP: 11/11
  1794 | D:2      | Reached skill level 1 in Shapeshifting
  2473 | D:3      | Identified the +2 robe of Immorality {+Blink Str+6 Dex-4
                  | Archmagi}
  2508 | D:3      | Learned a level 2 spell: Momentum Strike
  2687 | D:3      | Reached skill level 1 in Hexes
  2687 | D:3      | Reached skill level 1 in Summonings
  2687 | D:3      | Reached skill level 1 in Necromancy
  2687 | D:3      | Reached skill level 1 in Translocations
  2687 | D:3      | Reached skill level 1 in Transmutations
  2687 | D:3      | Reached skill level 1 in Fire Magic
  2687 | D:3      | Reached skill level 1 in Ice Magic
  2687 | D:3      | Reached skill level 1 in Air Magic
  2687 | D:3      | Reached skill level 1 in Earth Magic
  2687 | D:3      | Reached skill level 1 in Poison Magic
  2703 | D:3      | Found Xoorabb's Weapon Shop.
  3173 | D:3      | Reached XP level 5. HP: 34/39 MP: 12/12
  3291 | D:3      | Noticed an orc warrior
  3309 | D:3      | Killed an orc warrior
  3316 | D:3      | Reached XP level 6. HP: 23/49 MP: 8/13
  3921 | D:4      | Reached skill level 5 in Fighting
  3921 | D:4      | Reached skill level 5 in Dodging
  3974 | D:4      | Found a broken altar of Ashenzari.
  4329 | D:4      | Learned a level 3 spell: Hailstorm
  4769 | D:4      | Found a bloodstained altar of Trog.
  5927 | D:4      | Reached XP level 7. HP: 42/56 MP: 15/15
  6310 | D:4      | Reached skill level 7 in Maces & Flails
  6742 | D:5      | Entered Level 5 of the Dungeon
  7116 | D:5      | Found a burning altar of Makhleb.
  7627 | D:5      | Reached XP level 8. HP: 56/63 MP: 7/16
  8386 | D:6      | Reached XP level 9. HP: 39/69 MP: 18/18
  9164 | D:7      | Noticed Jeremiah
  9186 | D:7      | Killed Jeremiah
  9259 | D:7      | Found a staircase to the Ecumenical Temple.
  9292 | D:7      | Reached skill level 8 in Maces & Flails
  9356 | D:7      | Found a flagged portal.
  9362 | Bailey   | Entered a bailey
  9377 | Bailey   | Reached skill level 5 in Invocations
 10157 | Bailey   | Identified the +4 glaive "Asiagum" {flame, rC- rN++ rCorr
                  | Int+3 SInv}
 10178 | Bailey   | Reached XP level 10. HP: 52/77 MP: 13/20
 10285 | Bailey   | Reached skill level 5 in Short Blades
 10285 | Bailey   | Reached skill level 5 in Long Blades
 10285 | Bailey   | Reached skill level 5 in Axes
 10285 | Bailey   | Reached skill level 5 in Polearms
 10285 | Bailey   | Reached skill level 5 in Staves
 10285 | Bailey   | Reached skill level 5 in Ranged Weapons
 10285 | Bailey   | Reached skill level 5 in Throwing
 10285 | Bailey   | Reached skill level 5 in Armour
 10285 | Bailey   | Reached skill level 5 in Stealth
 10285 | Bailey   | Reached skill level 5 in Shields
 10285 | Bailey   | Reached skill level 5 in Unarmed Combat
 10285 | Bailey   | Reached skill level 5 in Evocations
 10721 | Bailey   | Learned a level 2 spell: Ensorcelled Hibernation
 11129 | D:7      | Identified the +9 dagger of Shifting Execution {flame,
                  | rF++}
 11223 | D:7      | Noticed Joseph
 11233 | D:7      | Killed Joseph
 11534 | D:7      | Noticed Menkaure
 11545 | D:7      | Killed Menkaure
 12336 | D:8      | Noticed Maurice
 12358 | D:8      | Killed Maurice
 12359 | D:8      | Reached skill level 5 in Shapeshifting
 12772 | Temple   | Entered the Ecumenical Temple
 12784 | Temple   | Became a worshipper of Cheibriados the Contemplative
 13418 | D:8      | Identified the +5 falchion of Igograra {freeze, *Noise
                  | rCorr Str+4}
 13661 | D:8      | Reached * piety under Cheibriados
 14057 | D:8      | Noticed Pikel
 14059 | D:8      | Paralysed by Pikel for 5 turns
 14072 | D:8      | Killed Pikel
 14888 | D:9      | Noticed a two-headed ogre
 15008 | D:9      | Killed a two-headed ogre
 15009 | D:9      | Reached skill level 9 in Maces & Flails
 15009 | D:9      | Reached skill level 5 in Hexes
 15009 | D:9      | Reached skill level 5 in Summonings
 15009 | D:9      | Reached skill level 5 in Necromancy
 15009 | D:9      | Reached skill level 5 in Translocations
 15009 | D:9      | Reached skill level 5 in Transmutations
 15009 | D:9      | Reached skill level 5 in Fire Magic
 15009 | D:9      | Reached skill level 5 in Ice Magic
 15009 | D:9      | Reached skill level 5 in Air Magic
 15009 | D:9      | Reached skill level 5 in Earth Magic
 15009 | D:9      | Reached skill level 5 in Poison Magic
 15009 | D:9      | Reached XP level 11. HP: 69/85 MP: 22/22
 16129 | D:9      | Found an opulent altar of Gozag.
 16204 | D:9      | Noticed a two-headed ogre
 16210 | D:9      | Killed a two-headed ogre
 16630 | D:9      | Reached ** piety under Cheibriados
 16909 | D:9      | Found a staircase to the Lair.
 17111 | D:10     | Entered Level 10 of the Dungeon
 17258 | D:10     | Reached *** piety under Cheibriados
 17861 | D:10     | Upgraded the game from 0.31-a0-963-ga325b2283a to
                  | 0.31-a0-965-g8a8ce12e04
 17998 | D:10     | Found an iron altar of Okawaru.
 17998 | D:10     | Found a basalt altar of Yredelemnul.
 18055 | D:10     | Noticed a two-headed ogre
 18069 | D:10     | Killed a two-headed ogre
 19233 | D:11     | Reached **** piety under Cheibriados
 19723 | D:11     | Noticed a cyclops
 19746 | D:11     | Killed a cyclops
 19752 | D:11     | Reached XP level 12. HP: 35/94 MP: 14/24
 20501 | D:11     | Reached ***** piety under Cheibriados
 20941 | D:12     | Found a staircase to the Orcish Mines.
 20948 | D:12     | Noticed a boulder beetle
 20960 | D:12     | Killed a boulder beetle
 21103 | D:12     | Noticed a boulder beetle
 21120 | D:12     | Killed a boulder beetle
 21794 | D:12     | Reached skill level 10 in Maces & Flails
 22430 | D:13     | Identified the of Noekuw Gojinn
 22576 | Gauntlet | Identified the of Seguovid
 22576 | Orc:1    | Entered Level 1 of the Orcish Mines
 22585 | Orc:1    | Noticed a two-headed ogre
 22589 | Orc:1    | Killed a two-headed ogre
 22777 | Orc:1    | Found Tuawos's Antique Weapon Emporium.
 22937 | Orc:2    | Entered Level 2 of the Orcish Mines
 22992 | Orc:2    | Noticed a two-headed ogre
 23002 | Orc:2    | Killed a two-headed ogre
 23478 | Orc:2    | Reached XP level 13. HP: 33/101 MP: 3/26
 23694 | Orc:2    | Found Etupid's Jewellery Boutique.
 23702 | Orc:2    | Bought the ring of Fragile Peace {rC++ Will+ rCorr} for 716
                  | gold pieces
 23720 | Orc:2    | Found a staircase to the Elven Halls.
 24099 | Orc:2    | Found Coinucza's Magic Scroll Shoppe.
 24183 | Orc:2    | Bought a scroll of revelation for 120 gold pieces
 24183 | Orc:2    | Bought a scroll of identify for 32 gold pieces
 24183 | Orc:2    | Bought a scroll of identify for 32 gold pieces
 24183 | Orc:2    | Bought a scroll of identify for 32 gold pieces
 24403 | Orc:2    | Reached ****** piety under Cheibriados
 25019 | Orc:2    | Noticed Saint Roka
 25055 | Orc:2    | HP: 5/101 [Saint Roka/divine providence (14)]
 25061 | Orc:2    | Killed Saint Roka
 25346 | Orc:2    | Found Duugheaz's Antique Armour Shop.
 25454 | Orc:2    | Found Reirphum's Antique Weapon Boutique.
 25463 | Orc:2    | Bought a buzzing helmet for 380 gold pieces
 25463 | Orc:2    | Identified the +1 helmet of Oblivion {*Slow rF- MP+9
                  | Slay+5} (You bought it in a shop on level 2 of the Orcish
                  | Mines)
 25511 | Snake:4  | Identified the "Akunt"
 25511 | Crypt:3  | Identified the "Beab"
 25511 | Depths:4 | Identified the "Syrocanu"
 25511 | Elf:1    | Entered Level 1 of the Elven Halls
 25886 | Elf:1    | Slain by a +5 hand axe of electrocution

Illustrated notes

Levels and vault maps discovered:
D:1:      shiori_arrival_elements, layout_loops_corners, serial_rivers,
          chequers_serial_rivers_small_a, chequers_serial_rivers_micro_e,
          chequers_serial_rivers_large_b, chequers_serial_rivers_room_b,
          hellmonk_ecumenical_altar_blasted, minmay_tree_intersection
D:2:      layout_loops_ring, serial_aquarium, aquarium_bridge_square
          [aquarium_subvault_bridge, aquarium_subvault_window,
          aquarium_subvault_wall, aquarium_subvault_wall], aquarium_window_fake,
          aquarium_window_corridor_1, aquarium_view_2a, aquarium_pool_five,
          minmay_quadrilaterals
D:3:      layout_loops_ring, serial_shops, nicolae_shop_statue_plus,
          serial_co_window_serial, co_window_paths_a, co_window_paths_a,
          co_window_of_opportunity_a, co_window_corner_a, co_window_paths_a,
          co_window_corner_b, co_window_unsneaky_path_a, co_window_2corner,
          co_window_2corner, co_window_paths_e
D:4:      minmay_razor_zed, layout_basic, ashenzari_conservatory_becter,
          mainiacjoe_overflow_surrounded_room, serial_glass, glass_columns_a,
          glass_columns_a, grunt_decor_mini_mirrors
D:5:      cheibrodos_barr_body, layout_basic, kennysheep_little_box,
          nicolae_zen_rock_garden, chequers_hall_statues_corner_a
D:6:      layout_cave_pools, nicolae_fountain_basement
D:7:      layout_loops_corners, temple_pool_b, enter_bailey_4, uniq_joseph,
          uniq_jeremiah, uniq_menkaure
D:8:      layout_gridville, uniq_maurice, uniq_pikel
D:9:      layout_loops_cross, amcnicky_altar_gilded, lair_entry_dummy
D:10:     cheibrodos_helix_gallery, layout_basic,
          nicolae_overflow_two_pavilions, kennysheep_potato
D:11:     layout_stronghold
D:12:     layout_basic, orc_0_dummy
D:13:     layout_basic, david_vaults_3, serial_shops, nicolae_shop_waterfront
Temple:   nicolae_temple_superstar
Orc:1:    layout_diamond_mine, serial_shops, nicolae_diamond_shop
Orc:2:    grunt_orc_community_town_hall, layout_caves,
          grunt_orc_community_big_house_1, grunt_orc_community_big_house_1,
          grunt_orc_community_house_3, grunt_orc_community_house_1,
          grunt_orc_community_house_3, grunt_orc_community_house_2,
          grunt_orc_community_house_2
Elf:1:    layout_geoelf_octagon, hangedman_elf_represent

Skill      XL: |  1  2  3  4  5  6  7  8  9 10 11 12 13 |
---------------+----------------------------------------+-----
Spellcasting   | 5 6 7 8 9 |  9.9
Invocations    | 1 2 3 4 5 6 7 8 9 |  9.3
Short Blades   | 1 2 3 4 6 8 |  8.5
Long Blades    | 1 2 3 4 6 8 |  8.5
Axes           | 1 2 3 4 6 8 |  8.5
Polearms       | 1 2 3 4 6 8 |  8.5
Staves         | 1 2 3 4 6 8 |  8.5
Ranged Weapons | 1 2 3 4 6 8 |  8.5
Throwing       | 1 2 3 4 6 8 |  8.5
Armour         | 1 2 3 4 6 8 |  8.5
Stealth        | 1 2 3 4 6 8 |  8.5
Shields        | 1 2 3 4 6 8 |  8.5
Unarmed Combat | 1 2 3 4 6 8 |  8.5
Evocations     | 1 2 3 4 6 8 |  8.5
Shapeshifting  | 1 2 3 4 5 6 7 |  7.7
Hexes          | 1 2 3 4 5 6 7 |  7.0
Summonings     | 1 2 3 4 5 6 7 |  7.0
Necromancy     | 1 2 3 4 5 6 7 |  7.0
Translocations | 1 2 3 4 5 6 7 |  7.0
Transmutations | 1 2 3 4 5 6 7 |  7.0
Fire Magic     | 1 2 3 4 5 6 7 |  7.0
Ice Magic      | 1 2 3 4 5 6 7 |  7.0
Air Magic      | 1 2 3 4 5 6 7 |  7.0
Earth Magic    | 1 2 3 4 5 6 7 |  7.0
Poison Magic   | 1 2 3 4 5 6 7 |  7.0
Fighting       | 5 6 7 8 9 |  9.7
Dodging        | 5 6 7 8 9 |  9.7
Maces & Flails | 7 8 9 10 | 10.7
Conjurations   | 6 7 8 9 |  9.0

Action                     |  1- 3 |  4- 6 |  7- 9 | 10-12 | 13-15 || total
---------------------------+-------+-------+-------+-------+-------++-------
  Melee: Mace              |    94 |    88 |       |       |       ||   182
         Bite              |    12 |    23 |    21 |    45 |    14 ||   115
         Dagger            |       |   115 |   131 |    56 |       ||   302
         Punch             |       |     2 |     5 |    19 |     6 ||    32
         Staff             |       |       |    66 |       |       ||    66
         Trident           |       |       |    24 |   447 |   149 ||   620
         Glaive            |       |       |    21 |    15 |       ||    36
   Fire: Sling             |       |       |       |     9 |       ||     9
  Throw: Dart              |       |    22 |    71 |    70 |    26 ||   189
         Throwing net      |       |       |     5 |     7 |     2 ||    14
         Boomerang         |       |       |       |    39 |    30 ||    69
   Cast: Kiss of Death     |     1 |     3 |     1 |       |       ||     5
         Momentum Strike   |       |    17 |     5 |     6 |     1 ||    29
         Hailstorm         |       |       |    54 |    87 |    24 ||   165
         Ensorcelled Hiber |       |       |       |    11 |       ||    11
Ability: Evoke Blink       |       |     2 |     1 |     4 |     3 ||    10
  Evoke: Wand              |       |       |       |    11 |     1 ||    12
         Condenser vane    |       |       |       |     4 |       ||     4
    Use: Potion            |       |     3 |     5 |       |     5 ||    13
         Scroll            |       |     2 |     8 |     3 |     6 ||    19
   Stab: Sleeping          |     2 |     1 |     1 |    10 |     5 ||    19
         Paralysed         |       |       |       |     4 |       ||     4
         Distracted        |       |       |       |     3 |       ||     3
         Held in net/web   |       |       |       |       |     2 ||     2
 Armour: Leather armour    |    44 |    19 |       |       |       ||    63
         Robe              |       |    94 |   150 |   321 |    58 ||   623
  Dodge: Dodged            |    59 |   101 |   166 |   431 |   116 ||   873

Table legend: (Time is in decaauts)
 A = Elapsed time spent in this place.
 B = Non-inter-level travel time spent in this place.
 C = Inter-level travel time spent in this place.
 D = Time resting spent in this place.
 E = Time spent auto-exploring this place.
 F = Levels seen in this place.
 G = Mean time per level.
                   A        B        C        D        E       F      G
               +--------+--------+--------+--------+--------+-----+--------+
         Total |  29014 |  28247 |    767 |   9935 |  14374 |  18 | 1611.9 |
       Dungeon |  22975 |  22346 |    629 |   7515 |  11933 |  13 | 1767.3 |
        Temple |     33 |     11 |     22 |      0 |      0 |   1 |   33.0 |
  Orcish Mines |   3876 |   3762 |    114 |   1035 |   2179 |   2 | 1938.0 |
   Elven Halls |    430 |    430 |      0 |    281 |     11 |   1 |  430.0 |
        Bailey |   1699 |   1699 |      0 |   1102 |    250 |   1 | 1699.0 |
               +--------+--------+--------+--------+--------+-----+--------+

Top non-repeatable levels by time:
   Orc:2: 3320 daAuts
     D:9: 3003 daAuts
     D:4: 2814 daAuts
    D:11: 2808 daAuts
    D:12: 2298 daAuts
     D:8: 2157 daAuts
    D:10: 1932 daAuts
  Bailey: 1699 daAuts
     D:7: 1648 daAuts
     D:3: 1554 daAuts
     D:5: 1299 daAuts
     D:2: 1288 daAuts
     D:1: 1110 daAuts
     D:6: 942 daAuts
   Orc:1: 556 daAuts
